 Dungeon Crawl Stone Soup version 0.26-a0-30-g56b8cd3df0 (webtiles) character file.

Game seed: 5582506098243830315, levelgen mode: deterministic

3 MisterFreud the Ducker (level 1, -2/15 HPs)
             Began as an Octopode Gladiator on May 29, 2020.
             Slain by a hobgoblin (5 damage)
             ... on level 1 of the Dungeon.
             The game lasted 00:00:12 (87 turns).

MisterFreud the Ducker (Octopode Gladiator)           Turns: 87, Time: 00:00:13

Health: -2/15      AC:  1    Str: 13    XL:     1   Next: 50%
Magic:  1/1        EV: 14    Int: 10    God:
Gold:   14         SH:  0    Dex: 13    Spells: 0/0 levels left

rFire    . . .     SeeInvis .   a - +0 long sword
rCold    . . .     Gourm    .   (no shield)
rNeg     . . .     Faith    .   b - +0 hat
rPois    .         Spirit   .   (no amulet)
rElec    .         Reflect  .   (no ring)
rCorr    .         Harm     .   (no ring)
MR       .....                  (no ring)
Stlth    ++........             (no ring)
HPRegen  0.05/turn              (no ring)
MPRegen  0.07/turn              (no ring)
                                (no ring)
                                (no ring)

@: no status effects
A: almost no armour, stealthy swim, amphibious, 8 rings, constrict 8, camouflage
1, gelatinous body 1
a: no special abilities


You were on level 1 of the Dungeon.
You were not hungry.

You visited 1 branch of the dungeon, and saw 1 of its levels.

You collected 14 gold pieces.

Inventory:

Hand Weapons
 a - a +0 long sword (weapon)
Missiles
 c - 3 throwing nets (quivered)
Armour
 b - a +0 hat (worn)
Scrolls
 e - a scroll of remove curse {unknown}
 f - a scroll of teleportation {unknown}
Comestibles
 d - a ration
 g - a chunk of flesh


   Skills:
 * Level 2.3 Fighting
 - Level 3.0 Long Blades
 - Level 2.0 Throwing
 - Level 3.0 Dodging


You couldn't memorise any spells.
You didn't know any spells.
Your spell library was empty.

Dungeon Overview and Level Annotations

Branches:
Dungeon (1/15)

Altars:


Innate Abilities, Weirdness & Mutations

You cannot wear most types of armour.
You are very stealthy in the water. (Stealth+)
You are amphibious.
You can wear up to eight rings at the same time.
You can use your tentacles to constrict eight enemies at once.
Your skin changes colour to match your surroundings (Stealth+).
Your rubbery body absorbs attacks. (AC +1, EV +1)


Message History

You closely miss the leopard gecko. Your grab misses the leopard gecko.
The leopard gecko barely misses you.
A giant cockroach comes into view.
The hobgoblin barely misses you. The leopard gecko bites you.
You are too injured to fight recklessly!
You are too injured to fight recklessly!
You hit the leopard gecko. Your grab misses the leopard gecko.
The leopard gecko is moderately wounded.
The leopard gecko bites you.
* * * LOW HITPOINT WARNING * * *
The hobgoblin misses you.
You riposte.
You barely miss the hobgoblin. Your grab misses the hobgoblin.
You squeeze the hobgoblin.
The hobgoblin is moderately wounded.
Unknown command.
You barely miss the leopard gecko. Your grab misses the leopard gecko.
Your squeeze misses the leopard gecko.
The leopard gecko is moderately wounded.
The leopard gecko completely misses you.
The hobgoblin hits you.
You die...

##### ....[##########
..............#
......l.......#
...s..g@......#
..............######
............(.#....#
...(..............######
................#.....#.
...............#........
............รท.#.........
........................
...?.#####.###.........


You could see a leopard gecko, a giant cockroach and a hobgoblin.

Vanquished Creatures
  A goblin (D:1)
  A hobgoblin (D:1)
  A rat (D:1)
3 creatures vanquished.

Notes
Turn   | Place    | Note
-------+----------+-------------------------------------------
     0 | D:1      | MisterFreud the Octopode Gladiator began the quest for the
                  | Orb.
     0 | D:1      | Reached XP level 1. HP: 14/14 MP: 1/1
    87 | D:1      | Slain by a hobgoblin

Illustrated notes

Levels and vault maps discovered:
D:1:      nicolae_arrival_washed_ashore, layout_rooms

Action                   || total
-------------------------++-------
Melee: Long sword        ||    11
       Constrict         ||     2
       Tentacles         ||     1
 Stab: Sleeping          ||     2
Dodge: Dodged            ||    10
       Rpst.: Long sword ||     1

Table legend:
 A = Non-vault XP
 B = Vault XP
 C = Vault XP percentage of total XP
 D = Non-vault monster count
 E = Vault monster count
 F = Vault count percentage of total count
                 A         B        C        D         E       F
            +---------+---------+-------+---------+---------+-------
      Total |       5 |       0 |   0.0 |       3 |       0 |   0.0
            +---------+---------+-------+---------+---------+-------
        D:1 |       5 |       0 |   0.0 |       3 |       0 |   0.0
            +---------+---------+-------+---------+---------+-------
